 Dungeon Crawl Stone Soup version 0.27-a0-1248-g57ac2eb73c (webtiles) character file.

Game seed: 3996458717380505059

15498 Delamore the Impaler (level 12, 0/77 HPs)
             Began as a Formicid Fighter on June 10, 2021.
             Was a High Priest of Hepliaklqana.
             Slain by a death yak (22 damage)
             ... on level 3 of the Lair of Beasts.
             The game lasted 00:13:13 (8786 turns).

Delamore the Impaler (Formicid Fighter)             Turns: 8786, Time: 00:13:13

Health: 0/77       AC: 12    Str: 25    XL:     12   Next: 58%
Magic:  12/12      EV:  8    Int:  9    God:    Hepliaklqana [*****.]
Gold:   654        SH: 11    Dex: 10    Spells: 11/11 levels left

rFire    x . .     SeeInvis +   C - +9 halberd of Spores {drain, rElec rC+ Will+}
rCold    + + .     Faith    .   c - +0 kite shield
rNeg     . . .     Spirit   .   x - +3 chain mail "Pyeboynn" {Rampage rF- Stlth+}
rPois    .         Reflect  .   (helmet unavailable)
rElec    +         Harm     .   (no cloak)
rCorr    .         Rampage  +   (no gloves)
Will     ++...                  (no boots)
Stlth    ..........             h - amulet of regeneration
HPRegen  1.22/turn              i - ring of protection from cold
MPRegen  0.13/turn              (no ring)

@: studying Throwing
A: reduced essence, permanent stasis, dig shafts and tunnels, antennae 3, four
strong arms
a: Dig, Shaft Self, Renounce Religion, Recall Ancestor, Ancestor Identity,
Transference, Idealise


You were on level 3 of the Lair of Beasts.
You worshipped Hepliaklqana.
Hepliaklqana was extremely pleased with you.
You visited 2 branches of the dungeon, and saw 11 of its levels.

You collected 654 gold pieces.

Inventory:

Hand Weapons
 p - a +3 halberd of freezing
 A - the +7 glaive "Icio" {flame, Fly rF+ rN+ Str+3}
   (You found it on level 1 of the Lair of Beasts)

   It has been specially enchanted to burn those struck by it, causing extra
   injury to most foes and up to half again as much damage against particularly
   susceptible opponents.
   Big, fiery blades are also staple armaments of hydra-hunters.
   It affects your strength (+3).
   It protects you from fire.
   It protects you from negative energy.
   It grants you flight.
 C - the +9 halberd of Spores (weapon) {drain, rElec rC+ Will+}
   (You found it on level 7 of the Dungeon)

   A truly terrible weapon, it drains the life of those it strikes.
   It protects you from cold.
   It insulates you from electricity.
   It increases your willpower.
Missiles
 g - 12 curare-tipped darts
 j - 4 throwing nets
 n - 39 poisoned darts (quivered)
 s - 2 javelins
Armour
 c - a +0 kite shield (worn)
 o - a +1 tower shield
 u - a +0 chain mail
 x - the +3 chain mail "Pyeboynn" (worn) {Rampage rF- Stlth+}
   (You found it on level 8 of the Dungeon)

   It makes you vulnerable to fire.
   It bestows one free step when moving towards enemies.
   It makes you more stealthy.
 E - the +3 ring mail of Honour {rC++ Str-3}
   (You found it on level 2 of the Lair of Beasts)

   It affects your strength (-3).
   It greatly protects you from cold.
Jewellery
 h - an amulet of regeneration (around neck)
 i - a ring of protection from cold (left hand)
Wands
 v - a wand of mindburst (9)
Scrolls
 a - 2 scrolls of identify
 b - a scroll of fog
 l - 2 scrolls of teleportation
 w - 2 scrolls of magic mapping
 y - a scroll of amnesia
 z - a scroll of enchant armour
Potions
 d - 3 potions of might
 e - a potion of degeneration
 f - 3 potions of curing
 k - a potion of cancellation
 m - 2 potions of brilliance
 r - a potion of ambrosia
 B - 2 potions of attraction
 D - a potion of berserk rage {unknown}


   Skills:
 - Level 5.0 Fighting
 - Level 16.0 Polearms
 - Level 10.0 Throwing
 - Level 3.2 Armour
 + Level 8.7 Shields


You had 11 spell levels left.
You didn't know any spells.
Your spell library contained the following spells:

 Spells                   Type           Power      Damage    Failure   Level
 Animate Skeleton         Necr           0%         N/A       96%         1
 Pain                     Necr           0%         1d4       96%         1
 Vampiric Draining        Necr           0%         2d6       100%        3
 Animate Dead             Necr           0%         N/A       100%        4
 Agony                    Necr           0%         N/A       100%        5
 Bolt of Magma            Conj/Fire/Erth 0%         4d4       100%        5
 Iskenderun's Battlesphe  Conj           0%         2d6       100%        5
 Iron Shot                Conj/Erth      0%         9d1       100%        6
 Orb of Destruction       Conj           0%         N/A       100%        7
 Spellforged Servitor     Conj/Summ      0%         N/A       100%        7


Dungeon Overview and Level Annotations

Branches:
Dungeon (8/15)             Temple (0/1) D:6            Lair (3/6) D:8
 Shoals (0/4) Lair:3       Spider (0/4) Lair:2

Altars:
Hepliaklqana

Shops:
D:2 =   D:5 (

Annotations:
Lair:1 exclusion: oklob plant


Innate Abilities, Weirdness & Mutations

Your life essence is reduced to manifest your ancestor. (-10% HP)
You cannot be hasted, slowed, berserked, paralysed or teleported.
You can dig through walls and to a lower floor.
You have a pair of large antennae on your head. (SInv)
Your four strong arms can wield two-handed weapons with a shield.


Message History

The death yak is moderately wounded.
You puncture the death yak! You drain the death yak.
The death yak is heavily wounded.
The death yak gores you. You block the death yak's attack.
The death yak gores you! x2
You hit the death yak. You drain the death yak.
The death yak is heavily wounded.
The death yak gores you!!
* * * LOW HITPOINT WARNING * * *
You are too injured to fight recklessly!
You are too injured to fight recklessly!
You are too injured to fight recklessly!
You are too injured to fight recklessly!
You are too injured to fight recklessly!
You are too injured to fight recklessly!
You are too injured to fight recklessly!
You are too injured to fight recklessly!
You are too injured to fight recklessly!
You are too injured to fight recklessly!
You are too injured to fight recklessly!
The death yak gores Ælfthryth!
The death yak gores you!
* * * LOW HITPOINT WARNING * * *
Ælfthryth hits the death yak but does no damage.
The death yak closely misses Ælfthryth. Ælfthryth hits the death yak with a +0 dagger of draining.
The death yak gores Ælfthryth!! Ælfthryth hits the death yak with a +0 dagger of draining. Ælfthryth drains the death yak.
The death yak gores Ælfthryth! Ælfthryth is destroyed!
The death yak gores you!
* * * LOW HITPOINT WARNING * * *
You extend your mandibles.
You dig through the rock wall.
You block the death yak's attack.
You dig through the rock wall.
You dig through the rock wall.
You dig through the rock wall.
You dig through the rock wall.
You dig through the rock wall.
The death yak gores you!!
You die...

..............................P..
.................................
.................................
.................................
.................................
....................{{...........
.P..####.####P#####.##.##..######
##### ### #########.######
#@YY.Y## #######


You could see 3 death yaks.

Vanquished Creatures
  A catoblepas (Lair:2)
  A hydra (Lair:2)
  4 elephants (Lair:3)
  A gargoyle (D:7)
  3 cane toads (Lair:3)
  5 komodo dragons
  2 polar bears
  A hornet (D:8)
  5 blink frogs (Lair:1)
  Sigmund (D:6)
  5 yaks
  A wyvern (D:8)
  4 basilisks
  A steam dragon (D:6)
  Menkaure (D:5)
  6 water moccasins
  A sky beast (D:6)
  An ice beast (D:8)
  An orc warrior (D:7)
  2 black bears
  An ogre (D:4)
  9 wolves
  2 centaurs
  A phantom (D:4)
  3 kobold brigands
  8 bullfrogs
  A scorpion (D:7)
  A wyvern skeleton (D:7)
  A water moccasin zombie (D:6)
  3 wights (D:6)
  A howler monkey (D:6)
  3 electric eels
  2 centaur zombies
  4 orc priests
  A bullfrog skeleton (D:4)
  A bullfrog zombie (D:7)
  A hound (D:7)
  2 jellies
  5 iguanas
  Ijyb (D:5)
  5 orc wizards
  A killer bee zombie (D:8)
  A howler monkey skeleton (D:5)
  2 adders (D:5)
  6 gnolls
  3 shadow imps
  2 white imps
  An ufetubus (D:5)
  3 dart slugs
  29 orcs
  2 bats
  5 endoplasms
  2 giant cockroaches (D:1)
  8 hobgoblins
  3 jackals (D:4)
  4 quokkas
  5 ball pythons (D:1)
  3 frilled lizards
  A goblin (D:3)
  18 kobolds
  4 rats
206 creatures vanquished.

Vanquished Creatures (collateral kills)
  Gastronok (D:8)
  A cane toad (Lair:1)
  A polar bear (Lair:2)
  A wyvern (D:8)
  An orc warrior (D:5)
  A swamp drake (D:8)
  3 bullfrogs (Lair:2)
  An electric eel (Lair:3)
  A howler monkey (D:7)
  A hound (D:4)
  An orc priest (D:7)
  A gnoll shaman (D:4)
  An iguana (D:6)
  3 orc wizards
  2 gnolls (D:4)
  An orc (D:3)
  2 endoplasms
  2 goblins (D:4)
  3 hobgoblins (D:4)
  A jackal (D:4)
  2 kobolds (D:7)
  A quokka (D:2)
  A bat (D:3)
33 creatures vanquished.

Vanquished Creatures (others)
  9 hexers
  An ancestor (D:2)
  2 fungi
  20 plants
32 creatures vanquished.

Grand Total: 271 creatures vanquished

Notes
Turn   | Place    | Note
-------+----------+-------------------------------------------
     0 | D:1      | Delamore the Formicid Fighter began the quest for the Orb.
     0 | D:1      | Reached XP level 1. HP: 18/18 MP: 1/1
    97 | D:1      | Reached XP level 2. HP: 20/24 MP: 2/2
   468 | D:1      | Identified a scroll of acquirement
   468 | D:1      | Acquired a manual of Throwing
   558 | D:1      | Reached XP level 3. HP: 29/30 MP: 3/3
   603 | D:1      | Found a faded altar of an unknown god.
   609 | D:1      | Reached skill level 3 in Polearms
   618 | D:1      | Became a worshipper of Hepliaklqana the Forgotten
   618 | D:1      | Reached * piety under Hepliaklqana
   932 | D:2      | Reached skill level 1 in Throwing
   935 | D:2      | Reached XP level 4. HP: 27/33 MP: 4/4
  1108 | D:2      | Found Jukif's Jewellery Emporium.
  1589 | D:2      | Reached XP level 5. HP: 15/37 MP: 5/5
  1649 | D:3      | Reached ** piety under Hepliaklqana
  1874 | D:3      | Remembered your ancestor Ælfthryth as a hexer
  1898 | D:3      | Reached skill level 4 in Polearms
  2351 | D:4      | Noticed an ogre
  2363 | D:4      | Killed an ogre
  2364 | D:4      | Reached XP level 6. HP: 26/44 MP: 6/6
  2633 | D:4      | Reached skill level 5 in Polearms
  2766 | D:4      | Reached skill level 5 in Fighting
  2766 | D:4      | Reached XP level 7. HP: 44/50 MP: 7/7
  2998 | D:5      | Entered Level 5 of the Dungeon
  3018 | D:5      | Reached *** piety under Hepliaklqana
  3055 | D:5      | Reached skill level 6 in Polearms
  3055 | D:5      | Reached skill level 5 in Throwing
  3131 | D:5      | Reached XP level 8. HP: 55/55 MP: 8/8
  3195 | D:5      | Noticed Ijyb
  3207 | D:5      | Killed Ijyb
  3284 | D:5      | Noticed Menkaure
  3294 | D:5      | Killed Menkaure
  3295 | D:5      | Reached skill level 7 in Polearms
  3369 | D:5      | Found Innurch's Antique Weapon Boutique.
  3818 | D:6      | Noticed Sigmund
  3824 | D:6      | Found a staircase to the Ecumenical Temple.
  3838 | D:6      | Killed Sigmund
  3839 | D:6      | Reached skill level 8 in Polearms
  3951 | D:6      | Reached XP level 9. HP: 61/61 MP: 9/9
  3958 | D:6      | Reached skill level 9 in Polearms
  4405 | D:7      | Reached **** piety under Hepliaklqana
  4406 | D:7      | Noticed a gargoyle
  4447 | D:7      | Killed a gargoyle
  4448 | D:7      | Reached skill level 10 in Polearms
  4591 | D:7      | Reached XP level 10. HP: 46/66 MP: 10/10
  4637 | D:7      | Reached skill level 10 in Throwing
  5687 | D:7      | Identified the +9 halberd of Spores {drain, rElec rC+
                  | Will+}
  5722 | D:8      | Reached skill level 11 in Polearms
  5991 | D:8      | Reached ***** piety under Hepliaklqana
  6080 | D:8      | Noticed a komodo dragon
  6094 | D:8      | Killed a komodo dragon
  6095 | D:8      | Reached skill level 12 in Polearms
  6125 | D:8      | Noticed a komodo dragon
  6132 | D:8      | Killed a komodo dragon
  6158 | D:8      | Noticed a komodo dragon
  6158 | D:8      | Noticed Gastronok
  6173 | D:8      | Killed a komodo dragon
  6178 | D:8      | Killed Gastronok
  6179 | D:8      | Reached skill level 13 in Polearms
  6179 | D:8      | Reached XP level 11. HP: 71/71 MP: 11/11
  6200 | D:8      | Identified the +3 chain mail "Pyeboynn" {Rampage rF-
                  | Stlth+}
  6238 | D:8      | Found a staircase to the Lair.
  6592 | Lair:1   | Entered Level 1 of the Lair of Beasts
  6618 | Lair:1   | Reached skill level 14 in Polearms
  6673 | Lair:1   | Reached skill level 5 in Shields
  6820 | Lair:1   | Noticed an oklob plant
  6996 | Lair:1   | Identified the +7 glaive "Icio" {flame, Fly rF+ rN+ Str+3}
  7461 | Lair:2   | Identified the +3 ring mail of Honour {rC++ Str-3}
  7615 | Lair:2   | Noticed an eight-headed hydra
  7634 | Lair:2   | Killed a three-headed hydra
  7698 | Lair:2   | Found a hole to the Spider Nest.
  7745 | Lair:2   | Reached skill level 15 in Polearms
  7796 | Lair:2   | Reached XP level 12. HP: 71/77 MP: 12/12
  7892 | Lair:2   | Noticed a catoblepas
  7911 | Lair:2   | Killed a catoblepas
  7965 | Lair:2   | Identified the +0 chain mail "Eblayteudd" {Rampage Will-
                  | Dex-4 SInv}
  8720 | Lair:3   | Reached skill level 16 in Polearms
  8766 | Lair:3   | Found a staircase to the Shoals.
  8769 | Lair:3   | Noticed a death yak
  8770 | Lair:3   | Noticed a death yak
  8770 | Lair:3   | Noticed a death yak
  8770 | Lair:3   | Noticed a death yak
  8771 | Lair:3   | Noticed a death yak
  8786 | Lair:3   | Slain by a death yak

Illustrated notes

Levels and vault maps discovered:
D:1:      dpeg_arrival_another_circle, layout_loops_ring,
          ebering_ecumenical_altar_abandoned, minmay_pentomino_s2
D:2:      layout_basic, serial_shops, shop, chequers_jeans
D:3:      minmay_razor_zed, layout_rooms
D:4:      layout_basic
D:5:      layout_basic, serial_shops, shop, uniq_ijyb, uniq_menkaure
D:6:      layout_basic, minmay_temple_entry_tees, uniq_sigmund
D:7:      layout_layer_cave
D:8:      layout_rooms, erik_lair_dragon, uniq_gastronok
Lair:1:   layout_hall_layers, minmay_lair_oklob_bushes, disabler_island,
          grunt_megastairs_4
Lair:2:   layout_cave_pods, dummy_spider_entry
Lair:3:   nzn_winding_woodlands_small [nzn_winding_woodlands_5x15_sawtooth,
          nzn_winding_woodlands_center_lodge,
          nzn_winding_woodlands_5x15_longhouse], layout_big_grid,
          minmay_shoals_entry_centaurs, st_stairs_4, grunt_megastairs_1,
          infiniplex_staircase_pool

Skill      XL: |  1  2  3  4  5  6  7  8  9 10 11 12 |
---------------+-------------------------------------+-----
Polearms       | 3 4 5 6 8 10 13 15 16 | 16.0
Throwing       | 1 2 3 4 5 7 9 10 | 10.0
Fighting       | 4 5 |  5.0
Shields        | 6 8 |  8.7
Armour         | |  3.2

Action                   |  1- 3 |  4- 6 |  7- 9 | 10-12 || total
-------------------------+-------+-------+-------+-------++-------
Melee: Trident           |    73 |   124 |   144 |    29 ||   370
       Halberd           |       |       |    42 |   213 ||   255
       Glaive            |       |       |       |    14 ||    14
Throw: Dart              |       |    40 |    57 |   116 ||   213
       Javelin           |       |       |     5 |       ||     5
Invok: Ancestor Life: He |       |     1 |       |       ||     1
 Abil: Dig               |       |       |     5 |     3 ||     8
  Use: Scroll            |     2 |     2 |     5 |     6 ||    15
       Potion            |       |       |       |     2 ||     2
 Stab: Confused          |       |       |     2 |     2 ||     4
       Distracted        |       |       |     2 |     2 ||     4
Armor: Scale mail        |    16 |       |       |       ||    16
       Chain mail        |    10 |    38 |    77 |    73 ||   198
Dodge: Dodged            |    17 |    20 |    37 |    53 ||   127
Block: Kite shield       |    30 |    47 |    95 |   119 ||   291

Table legend: (Time is in decaauts)
 A = Elapsed time spent in this place.
 B = Non-inter-level travel time spent in this place.
 C = Inter-level travel time spent in this place.
 D = Time resting spent in this place.
 E = Time spent auto-exploring this place.
 F = Levels seen in this place.
 G = Mean time per level.
                   A        B        C        D        E       F      G
               +--------+--------+--------+--------+--------+-----+--------+
         Total |   8830 |   8465 |    365 |    136 |   6578 |  11 |  802.7 |
       Dungeon |   6673 |   6386 |    287 |     64 |   4961 |   8 |  834.1 |
          Lair |   2157 |   2079 |     78 |     72 |   1617 |   3 |  719.0 |
               +--------+--------+--------+--------+--------+-----+--------+

Top non-repeatable levels by time:
     D:7: 1284 daAuts
  Lair:2: 967 daAuts
     D:8: 882 daAuts
     D:5: 827 daAuts
     D:1: 818 daAuts
     D:2: 816 daAuts
     D:4: 778 daAuts
  Lair:1: 715 daAuts
     D:3: 649 daAuts
     D:6: 614 daAuts
  Lair:3: 475 daAuts
